 Dungeon Crawl Stone Soup version 0.26-a0-663-g36e8fdb655 (webtiles) character file.

Game seed: 15810751233621781888

73820 flotson the Green Death (level 15, -12/119 HPs)
             Began as a Demonspawn Delver on Oct 10, 2020.
             Was a High Priest of Fedhas.
             Mangled by a cyclops (24 damage)
             ... on level 2 of the Orcish Mines.
             The game lasted 01:13:14 (20749 turns).

flotson the Green Death (Demonspawn Delver)        Turns: 20749, Time: 01:13:15

Health: -12/119    AC: 17    Str: 27    XL:     15   Next: 5%
Magic:  33/33      EV: 22    Int: 13    God:    Fedhas [*****.]
Gold:   1667       SH:  0    Dex: 14    Spells: 14/14 levels left

rFire    + + +     SeeInvis .   a - +4 quarterstaff "Jumailil" {vorpal, +Inv rPois rC+ MR+}
rCold    + . .     Faith    +   (shield currently unavailable)
rNeg     . . .     Spirit   .   i - +4 ring mail "Poiru" {rElec rF+ Regen+ Str+4}
rPois    +         Reflect  .   F - +1 hat
rElec    +         Harm     .   (no cloak)
rCorr    .         Rampage  .   (no gloves)
MR       ++...                  b - +0 pair of boots
Stlth    +.........             S - amulet of faith
HPRegen  0.69/turn              M - ring "Fasin" {+Blink rF+}
MPRegen  0.23/turn              x - ring "Ceute" {Wiz MP+9 Str+5}

@: confused, agile
A: horns 1, molten scales 3, powered by pain 2
a: Wall of Briars, Grow Ballistomycete, Overgrow, Grow Oklob, Renounce Religion,
Evoke Blink, Evoke Invisibility


You were on level 2 of the Orcish Mines.
You worshipped Fedhas.
Fedhas was extremely pleased with you.
You visited 4 branches of the dungeon, and saw 18 of its levels.
You also visited: Volcano.

You collected 1922 gold pieces.
You spent 255 gold pieces at shops.

Inventory:

Hand Weapons
 a - the +4 quarterstaff "Jumailil" (weapon) {vorpal, +Inv rPois rC+ MR+}
   (You bought it in a shop on level 7 of the Dungeon)

   It inflicts extra damage upon your enemies.
   It protects you from cold.
   It protects you from poison.
   It affects your resistance to hostile enchantments.
   It lets you turn invisible.
Missiles
 m - 37 poisoned darts (quivered)
 G - 4 atropa-tipped darts
Armour
 b - a +0 pair of boots (worn)
 i - the +4 ring mail "Poiru" (worn) {rElec rF+ Regen+ Str+4}
   (You found it on level 5 of the Dungeon)

   It affects your strength (+4).
   It protects you from fire.
   It insulates you from electricity.
   It increases your rate of regeneration.
 p - a +0 kite shield
 F - a +1 hat (worn)
Jewellery
 s - an uncursed ring of positive energy
 x - the ring "Ceute" (right hand) {Wiz MP+9 Str+5}
   (You found it on level 6 of the Lair of Beasts)

   [ring of wizardry]

   It improves your spell success rate.
   It affects your strength (+5).
   It affects your magic capacity (+9).
 B - an uncursed ring of protection from magic
 M - the ring "Fasin" (left hand) {+Blink rF+}
   (You found it on level 6 of the Lair of Beasts)

   [ring of protection from fire]

   It protects you from fire.
   It lets you blink.
 P - the macabre finger necklace {rN+}
   (You found it on level 2 of the Lair of Beasts)

   [amulet of nothing]

   It protects you from negative energy.
 S - an amulet of faith (around neck)
Wands
 g - a wand of digging (10)
 h - a wand of paralysis (5)
 y - a wand of iceblast (8)
 D - a wand of flame (24)
 O - a wand of polymorph (9)
 T - a wand of acid (5)
Scrolls
 c - 3 scrolls of fog
 d - 3 scrolls of magic mapping
 e - 2 scrolls of fear
 j - 2 scrolls of immolation
 k - 2 scrolls of noise {unknown}
 l - 3 scrolls of amnesia {unknown}
 n - 6 scrolls of remove curse
 q - a scroll of enchant weapon {unknown}
 r - 8 scrolls of teleportation
 t - 3 scrolls of enchant armour
 u - a scroll of torment {unknown}
 I - 4 scrolls of blinking
Potions
 f - 6 potions of haste
 o - 5 potions of stabbing
 v - 4 potions of curing
 w - 3 potions of might
 z - a potion of lignification
 A - 2 potions of berserk rage
 C - 3 potions of mutation
 E - 2 potions of brilliance
 H - 3 potions of flight
 J - 4 potions of resistance
 K - 3 potions of heal wounds
 Q - a potion of cancellation
Miscellaneous
 L - a phantom mirror
 N - a condenser vane (2/2)


   Skills:
 + Level 11.3 Fighting
   Level 5.1(6.8) Polearms
 + Level 7.0(7.8) Staves
 + Level 9.2 Throwing
 + Level 9.9 Armour
 + Level 10.1 Dodging
 - Level 7.0 Stealth
 - Level 12.0 Invocations
 + Level 10.0 Evocations


You had 14 spell levels left.
You didn't know any spells.
Your spell library contained the following spells:

 Spells                   Type           Power        Failure   Level
 Ensorcelled Hibernation  Hex/Ice        #.....       26%         2
 Confusing Touch          Hex            #.......     43%         3
 Gell's Gravitas          Tloc           #.........   43%         3
 Ice Form                 Ice/Tmut       #.......     82%         4
 Petrify                  Tmut/Erth      #.......     82%         4
 Borgnjor's Vile Clutch   Necr/Erth      #.........   98%         5
 Metabolic Englaciation   Hex/Ice        #.........   98%         5
 Silence                  Hex/Air        #.........   98%         5
 Yara's Violent Unravell  Hex/Tmut       #.........   98%         5
 Freezing Cloud           Conj/Ice/Air   #.........   100%        6
 Ozocubu's Refrigeration  Ice            #.........   100%        6
 Shadow Creatures         Summ           N/A          100%        6
 Simulacrum               Ice/Necr       #.........   100%        6


Dungeon Overview and Level Annotations

Branches:
Dungeon (9/15)             Temple (1/1) D:4            Lair (6/6) D:9
 Shoals (0/4) Lair:2        Snake (0/4) Lair:3        Slime (0/5) Lair:6
    Orc (2/2) D:9             Elf (0/3) Orc:2       Volcano (visited)

Altars:
Dithmenos
Fedhas
Kikubaaqudgha
Qazlal
Sif Muna
Trog
Wu Jian
Yredelemnul
Beogh

Shops:
D:5 :   D:7 ([*(   Orc:1 =   Orc:2 ?


Innate Abilities, Weirdness & Mutations

You have a pair of small horns on your head.
You are completely covered in molten scales. (AC +4, rF+)
You sometimes gain power by taking damage.


Message History

You hit the cyclops.
The cyclops is moderately wounded.
Your ballistomycete spore explodes!
The explosion of spores engulfs you!!
You are confused.
The cyclops appears confused.
The explosion of spores engulfs the cyclops!!
The cyclops is severely wounded.
A ballistomycete spore comes into view.
Are you sure you want to stumble around while confused and next to your ballistomycete spore?
Okay, then.
Your ballistomycete spore explodes!
The explosion of spores engulfs you!!!
You are more confused.
* * * LOW HITPOINT WARNING * * *
You focus on the pain.
You feel agile all of a sudden. The cyclops hits you!!
You die...
Fedhas appreciates your contribution to the ecosystem.

##..((()............. # ##
.................... ###.##
##.....).))..........
.#...#######.....#<.............
###....##.#.#..##..P...........#
..#..........#.#.............#
................#*.).........##
..#..##........#.#^#..........#
.##.............@.##..#......##
#.............#C).#...#.....##
.........#.....#..##.#.......#
..............#....###......##
...#..........##).##.....#.##
..#<......................##
.#...................#.#.##
.#..................).##.#
..#................#.##...


You could see a cyclops (confused), a friendly ballistomycete (summoned) and a
friendly ballistomycete spore.

Vanquished Creatures
  Gastronok (D:8)
  Kirke (Lair:4)
  2 boulder beetles
  6 hydras
  8 two-headed ogres
  A queen ant (D:9)
  4 death yaks
  An ogre mage (Orc:2)
  A tengu warrior (D:8)
  A hell hog (Volcano)
  Urug (Lair:1)
  Pikel (D:5)
  2 orc knights
  2 orc sorcerers (Orc:1)
  A salamander (Volcano)
  A cyclops (Orc:2)
  A manticore (D:8)
  13 elephants
  Joseph (D:7)
  7 black mambas
  23 cane toads
  2 rime drakes
  8 komodo dragons
  5 tyrant leeches (Lair:6)
  8 trolls
  A slime creature (Lair:6)
  3 polar bears
  45 blink frogs
  A snapping turtle (Lair:2)
  4 dream sheep (Lair:5)
  A spriggan (Lair:5)
  47 yaks
  A shadow (D:9)
  2 basilisks
  3 hogs (Lair:4)
  2 humans (Lair:4)
  6 vampire mosquitoes
  Menkaure (D:5)
  2 wargs
  2 hell hounds (Volcano)
  20 soldier ants (D:9)
  18 water moccasins
  9 orc warriors
  2 black bears
  A phantom (D:9)
  15 ogres
  31 wolves
  3 ice beasts
  A centaur (Lair:5)
  2 lemures (D:5)
  2 big kobolds (D:8)
  21 bullfrogs
  A water moccasin zombie (D:6)
  A scorpion (D:7)
  6 killer bees (D:7)
  3 howler monkeys
  4 jellies
  4 hounds
  A quasit (D:7)
  A centaur zombie (D:9)
  6 orc priests
  Jessica (D:2)
  3 bullfrog skeletons
  Ijyb (D:5)
  An iguana (D:6)
  10 orc wizards
  21 worker ants
  8 ogre zombies (D:9)
  3 hound skeletons
  A worker ant zombie (D:7)
  5 gnolls
  6 adders
  A shadow imp (D:9)
  A white imp (D:4)
  An ooze (D:4)
  2 ufetubi
  2 adder zombies
  An adder skeleton (D:5)
  4 worms
  2 dart slugs (D:1)
  7 leopard geckos
  44 orcs
  5 bats
  7 giant cockroaches
  9 goblins
  11 hobgoblins
  4 jackals
  6 quokkas
  A ball python (D:3)
  4 frilled lizards
  3 goblin zombies (D:9)
  A hobgoblin skeleton (D:9)
  A hobgoblin zombie (D:9)
  16 kobolds
  A leopard gecko skeleton (D:4)
  5 orc skeletons (D:9)
  12 orc zombies (D:9)
  A quokka skeleton (D:6)
  14 rats
  4 ballistomycete spores
605 creatures vanquished.

Vanquished Creatures (collateral kills)
  A two-headed ogre (Orc:2)
  3 black mambas
  An elephant (Lair:3)
  A cane toad (Lair:6)
  A rime drake (Lair:6)
  A komodo dragon (Lair:1)
  A shadow (D:9)
  A yak (Lair:6)
  An orc warrior (Orc:1)
  An ogre (Orc:2)
  2 bullfrogs
  A howler monkey (D:7)
  6 worker ants (D:9)
  2 orcs (Orc:1)
  An orc skeleton (D:9)
  2 orc zombies (D:9)
  102 ballistomycete spores
128 creatures vanquished.

Vanquished Creatures (others)
  A two-headed ogre (Volcano)
  2 oklob plants (Lair:2)
  A human (Lair:4)
  A centaur (Volcano)
  8 ballistomycete spores
  72 fungi
  173 plants
258 creatures vanquished.

Grand Total: 991 creatures vanquished

Notes
Turn   | Place    | Note
-------+----------+-------------------------------------------
     0 | D:5      | flotson the Demonspawn Delver began the quest for the Orb.
     0 | D:5      | Reached XP level 1. HP: 18/18 MP: 1/1
    47 | D:5      | Got a steaming ring mail
    58 | D:5      | Identified the +4 ring mail "Poiru" {rElec rF+ Regen+
                  | Str+4} (You found it on level 5 of the Dungeon)
   136 | D:3      | Reached skill level 5 in Stealth
   136 | D:3      | Gained mutation: You sometimes gain a little power by
                  | taking damage. [demonic ancestry]
   136 | D:3      | Reached XP level 2. HP: 24/24 MP: 2/2
   148 | D:3      | Gained mutation: You are partially covered in molten
                  | scales. (AC +2) [demonic ancestry]
   148 | D:3      | Reached XP level 3. HP: 26/29 MP: 3/3
   518 | D:2      | Noticed Jessica
   530 | D:2      | Killed Jessica
   530 | D:2      | Reached XP level 4. HP: 35/35 MP: 4/4
  1333 | D:1      | Reached skill level 1 in Armour
  2161 | D:3      | Gained mutation: You sometimes gain power by taking damage.
                  | [demonic ancestry]
  2161 | D:3      | Reached XP level 5. HP: 41/41 MP: 5/5
  2215 | D:3      | Found a faded altar of an unknown god.
  2215 | D:3      | Found an ancient bone altar of Kikubaaqudgha.
  2220 | D:3      | Found a bloodstained altar of Trog.
  2222 | D:3      | Found an ornate altar of the Wu Jian Council.
  2223 | D:3      | Found a shadowy altar of Dithmenos.
  2755 | D:4      | Gained mutation: You are mostly covered in molten scales.
                  | (AC +3) [demonic ancestry]
  2755 | D:4      | Reached XP level 6. HP: 48/48 MP: 6/6
  2995 | D:4      | Found a staircase to the Ecumenical Temple.
  3002 | Temple   | Entered the Ecumenical Temple
  3038 | Temple   | Became a worshipper of Fedhas Madash
  3436 | D:5      | Found Nown's Book Shop.
  3531 | D:5      | Noticed Pikel
  3620 | D:5      | Killed Pikel
  3620 | D:5      | Gained mutation: You have a pair of small horns on your
                  | head. [demonic ancestry]
  3620 | D:5      | Reached XP level 7. HP: 46/55 MP: 7/7
  3621 | D:5      | Noticed Menkaure
  3646 | D:5      | Killed Menkaure
  3720 | D:5      | Noticed Ijyb
  3746 | D:5      | Killed Ijyb
  3827 | D:5      | Reached XP level 8. HP: 61/61 MP: 8/8
  4062 | D:5      | Reached skill level 5 in Fighting
  4187 | D:6      | Found a transporter.
  4197 | D:5      | Reached * piety under Fedhas
  4464 | D:6      | Reached skill level 1 in Invocations
  4464 | D:6      | Reached skill level 1 in Evocations
  4592 | D:6      | Found a transporter.
  4892 | D:6      | Reached skill level 1 in Throwing
  5023 | D:7      | Reached skill level 2 in Invocations
  5070 | D:7      | Reached ** piety under Fedhas
  5127 | D:7      | Found Ameto's Antique Weapon Boutique.
  5142 | D:7      | Noticed Joseph
  5172 | D:7      | Killed Joseph
  5172 | D:7      | Reached skill level 5 in Polearms
  5172 | D:7      | Reached skill level 3 in Invocations
  5172 | D:7      | Reached XP level 9. HP: 56/69 MP: 9/11
  5390 | D:7      | Found Gaestyg's Weapon Boutique.
  5555 | D:7      | Found Byopuz's Antique Armour Emporium.
  5571 | D:7      | Found Utomaumoro's Assorted Antiques.
  5579 | D:7      | Bought a scroll labeled ALICIA FENKAANG for 30 gold pieces
  5706 | D:7      | Bought a warped quarterstaff for 225 gold pieces
  5706 | D:7      | Identified the +4 quarterstaff "Jumailil" {vorpal, +Inv
                  | rPois rC+ MR+} (You bought it in a shop on level 7 of the
                  | Dungeon)
  5903 | D:8      | Reached skill level 5 in Dodging
  5903 | D:8      | Reached skill level 4 in Invocations
  6061 | D:8      | Noticed a manticore
  6073 | D:8      | Killed a manticore
  6158 | D:8      | Reached *** piety under Fedhas
  6163 | D:8      | Reached skill level 5 in Armour
  6276 | D:8      | Noticed a tengu warrior
  6282 | D:8      | Noticed a boulder beetle
  6388 | D:8      | Killed a tengu warrior
  6388 | D:8      | Reached skill level 5 in Invocations
  6388 | D:8      | Reached XP level 10. HP: 77/77 MP: 13/13
  6416 | D:8      | Killed a boulder beetle
  6621 | D:8      | Noticed Gastronok
  6635 | D:8      | HP: 1/79 [Gastronok (32)]
  6642 | D:8      | Killed Gastronok
  6642 | D:8      | Reached skill level 6 in Invocations
  6642 | D:8      | Reached skill level 5 in Evocations
  7173 | D:9      | Reached XP level 11. HP: 85/85 MP: 16/16
  7183 | D:9      | Reached skill level 7 in Invocations
  7233 | D:9      | Reached skill level 5 in Throwing
  7234 | D:9      | Reached **** piety under Fedhas
  7317 | D:9      | Noticed a queen ant
  7363 | D:9      | Killed a queen ant
  7470 | D:9      | Found a staircase to the Lair.
  7600 | D:9      | Found a staircase to the Orcish Mines.
  7982 | D:9      | Reached skill level 8 in Invocations
  8344 | D:9      | Upgraded the game from 0.26-a0-662-g8b9c6dab81 to
                  | 0.26-a0-663-g36e8fdb655
  8412 | Lair:1   | Entered Level 1 of the Lair of Beasts
  8659 | Lair:1   | Noticed an eight-headed hydra
  8668 | Lair:1   | Killed an eight-headed hydra
  8668 | Lair:1   | Reached skill level 1 in Staves
  8750 | Lair:1   | Noticed Urug
  8758 | Lair:1   | Killed Urug
  9192 | Lair:1   | Gained mutation: You are completely covered in molten
                  | scales. (AC +4, rF+) [demonic ancestry]
  9192 | Lair:1   | Reached XP level 12. HP: 94/94 MP: 13/18
  9202 | Lair:1   | Reached skill level 9 in Invocations
  9222 | Lair:1   | Noticed a five-headed hydra
  9229 | Lair:1   | Killed a five-headed hydra
 10240 | Lair:2   | Noticed a death yak
 10249 | Lair:2   | Killed a death yak
 10290 | Lair:2   | Found the macabre finger necklace {rN+}
 10410 | Lair:2   | You fall into a shaft and drop 2 floors!
 10819 | Lair:4   | Noticed Kirke
 10830 | Lair:4   | Killed Kirke
 10830 | Lair:4   | Reached skill level 10 in Invocations
 11348 | Lair:3   | Noticed a death yak
 11348 | Lair:3   | Noticed a death yak
 11349 | Lair:3   | Noticed a death yak
 11370 | Lair:3   | Killed a death yak
 11376 | Lair:3   | Killed a death yak
 11376 | Lair:3   | Reached XP level 13. HP: 101/101 MP: 9/20
 11772 | Lair:3   | Found a staircase to the Snake Pit.
 12916 | Lair:4   | Reached skill level 10 in Fighting
 13068 | Lair:5   | Found a dark tunnel.
 13077 | Volcano  | Entered a volcano
 13742 | Lair:5   | Reached skill level 5 in Staves
 13807 | Lair:5   | Reached skill level 11 in Invocations
 14790 | Lair:6   | Entered Level 6 of the Lair of Beasts
 14861 | Lair:6   | Reached XP level 14. HP: 24/111 MP: 22/22
 16725 | Lair:6   | Reached skill level 12 in Invocations
 17050 | Lair:6   | Found a staircase to the Slime Pits.
 17808 | Lair:6   | Got a heavily runed ivory ring
 17810 | Lair:6   | Identified the ring "Fasin" {+Blink rF+} (You found it on
                  | level 6 of the Lair of Beasts)
 17824 | Lair:6   | Got a wavering copper ring
 18066 | Lair:6   | Identified the ring "Ceute" {Wiz MP+9 Str+5} (You found it
                  | on level 6 of the Lair of Beasts)
 18223 | Lair:2   | Found a staircase to the Shoals.
 18600 | Orc:1    | Entered Level 1 of the Orcish Mines
 18917 | Orc:1    | You fall into a shaft and drop 1 floor!
 18917 | Orc:2    | Entered Level 2 of the Orcish Mines
 18917 | Orc:2    | Found a staircase to the Elven Halls.
 19000 | Orc:1    | Paralysed by an orc sorcerer for 7 turns
 19024 | Orc:1    | Found Golloq's Jewellery Boutique.
 19095 | Orc:1    | Found a roughly hewn altar of Beogh.
 19114 | Orc:1    | Reached ***** piety under Fedhas
 19945 | Orc:2    | Found Zawkur's Magic Scroll Shop.
 19954 | Orc:2    | Reached skill level 10 in Dodging
 20490 | Orc:2    | Reached XP level 15. HP: 81/119 MP: 24/24
 20732 | Orc:2    | Reached skill level 10 in Evocations
 20749 | Orc:2    | Mangled by a cyclops

Illustrated notes

Levels and vault maps discovered:
D:1:      co_arrival_square_in_a_square_in_a_square, layout_loops_corners,
          minmay_pentomino_v4
D:2:      layout_basic, uniq_jessica
D:3:      layout_rooms, chequers_temple_overflow_minitemple
D:4:      cheibrodos_helix_gallery, layout_basic,
          minmay_temple_entry_drinking_statues, kennysheep_boxes
D:5:      corexii_shack_village, layout_loops_corners, serial_shops,
          nicolae_shop_statue_plus, uniq_menkaure, uniq_pikel, uniq_ijyb
D:6:      gammafunk_cloud_chamber, layout_cave_pools
D:7:      layout_rooms, serial_shops, kennysheep_mini_moat, shop,
          nicolae_shop_trees, nicolae_shop_overgrown_old_shop,
          minmay_misc_feat_more_columns, uniq_joseph
D:8:      layout_gridville, minmay_shattered_shrine, uniq_gastronok
D:9:      lemuel_ice_spiral_2, layout_irregular_city, david_lair_shrubbed,
          zombieorc2_lemuel, minivault_29
Temple:   dpeg_five_rooms_temple
Lair:1:   layout_layer_cave, beast_lair_carwin_11, uniq_urug
Lair:2:   layout_chaotic_city, minmay_shoals_entry_hut,
          chequers_serial_rivers_small_a, cheibrodos_lair_reptile_den,
          minmay_lair_oklob_chamber
Lair:3:   layout_layer_cave, dummy_snake_entry
Lair:4:   layout_regular_city, uniq_kirke
Lair:5:   layout_long_grid, nicolae_volcano_entry_hallway,
          chequers_serial_rivers_micro_e, forest_entry_grove,
          infiniplex_staircase_pool_2, grunt_megastairs_3
Lair:6:   minmay_lair_end_frog_pond, layout_regular_city,
          minmay_slime_entry_pillars, portal_ice_cave_rime, st_stairs_3,
          columned_hall_lemuel
Orc:1:    layout_caves, serial_shops, shop, mines1_david
Orc:2:    st_orc_open, layout_caves

Skill      XL: |  1  2  3  4  5  6  7  8  9 10 11 12 13 14 15 |
---------------+----------------------------------------------+-----
Polearms       | 2 3 4 5 |  5.1
Stealth        | 5 6 7 |  7.0
Dodging        | 2 3 4 5 6 7 8 9 10 | 10.1
Armour         | 1 2 3 4 5 6 7 8 9 |  9.9
Fighting       | 4 5 6 7 8 9 10 11 | 11.3
Invocations    | 3 5 6 8 10 11 12 | 12.0
Evocations     | 2 4 5 6 7 8 9 10 | 10.0
Throwing       | 2 3 4 6 7 8 9 |  9.2
Staves         | 2 4 5 7 |  7.0

Action                   |  1- 3 |  4- 6 |  7- 9 | 10-12 | 13-15 || total
-------------------------+-------+-------+-------+-------+-------++-------
Melee: Spear             |   126 |   395 |    53 |       |       ||   574
       Headbutt          |       |       |    86 |    90 |   219 ||   395
       Trident           |       |       |   228 |       |       ||   228
       Quarterstaff      |       |       |   121 |   353 |   921 ||  1395
Throw: Dart              |       |    21 |    13 |    36 |   163 ||   233
       Javelin           |       |       |       |   147 |    93 ||   240
Invok: Wall of Briars    |       |       |     1 |    10 |    24 ||    35
       Grow Ballistomyce |       |       |       |    14 |     9 ||    23
       Grow Oklob        |       |       |       |       |     1 ||     1
Evoke: Wand              |       |       |    27 |     8 |    29 ||    64
  Use: Scroll            |       |     4 |    10 |     6 |     4 ||    24
       Potion            |       |       |       |     4 |     3 ||     7
 Stab: Sleeping          |     2 |    13 |     7 |     8 |     5 ||    35
       Paralysed         |       |       |    21 |       |     9 ||    30
       Distracted        |       |       |       |     1 |     1 ||     2
Armor: Ring mail         |    66 |   155 |   206 |   156 |   379 ||   962
Dodge: Dodged            |    65 |   219 |   334 |   323 |   887 ||  1828

Table legend: (Time is in decaauts)
 A = Elapsed time spent in this place.
 B = Non-inter-level travel time spent in this place.
 C = Inter-level travel time spent in this place.
 D = Time resting spent in this place.
 E = Time spent auto-exploring this place.
 F = Levels seen in this place.
 G = Mean time per level.
                   A        B        C        D        E       F      G
               +--------+--------+--------+--------+--------+-----+--------+
         Total |  20890 |  19942 |    948 |   1843 |  12688 |  19 | 1099.5 |
       Dungeon |   8844 |   8329 |    515 |    399 |   5327 |   9 |  982.7 |
        Temple |     67 |     36 |     31 |      0 |     32 |   1 |   67.0 |
          Lair |   9604 |   9312 |    292 |   1061 |   5982 |   6 | 1600.7 |
  Orcish Mines |   1862 |   1753 |    109 |    244 |   1073 |   2 |  931.0 |
       Volcano |    511 |    511 |      0 |    139 |    273 |   1 |  511.0 |
               +--------+--------+--------+--------+--------+-----+--------+

Top non-repeatable levels by time:
  Lair:5: 2436 daAuts
  Lair:6: 2193 daAuts
     D:9: 1925 daAuts
  Lair:3: 1516 daAuts
   Orc:1: 1441 daAuts
  Lair:1: 1306 daAuts
     D:8: 1270 daAuts
  Lair:4: 1170 daAuts
  Lair:2: 981 daAuts
     D:5: 974 daAuts
     D:1: 894 daAuts
     D:6: 867 daAuts
     D:4: 828 daAuts
     D:2: 772 daAuts
     D:7: 719 daAuts
